 Dungeon Crawl Stone Soup version 0.28.0-47-ge53b351184 (webtiles) character file.

Game seed: 7482876089660312179

2170 CryoSword the Grappler (level 9, -2/89 HPs)
             Began as a Troll Fighter on May 3, 2022.
             Was an Initiate of Kikubaaqudgha.
             Killed from afar by a steam dragon (17 damage)
             ... with a ball of steam
             ... on level 7 of the Dungeon.
             The game lasted 00:07:11 (5084 turns).

CryoSword the Grappler (Troll Fighter)              Turns: 5084, Time: 00:07:11

Health: -2/89      AC:  4    Str: 32    XL:     9   Next: 11%
Magic:  8/8        EV:  8    Int: 14    God:    Kikubaaqudgha [......]
Gold:   217        SH: 12    Dex:  9    Spells: 8/8 levels left

rFire   . . .      SeeInvis .     - Unarmed
rCold   + . .      Faith    .   b - +0 kite shield
rNeg    . . .      Spirit   .   a - +0 robe
rPois   .          Reflect  +   (helmet restricted)
rElec   .          Harm     .   (no cloak)
rCorr   .          Rampage  .   (gloves unavailable)
Will    .....                   (boots unavailable)
Stlth   +.........              v - amulet of Viss {Reflect rC+ SH+5}
HPRegen 1.04/turn               l - +6 ring of strength
MPRegen 0.11/turn               u - +6 ring of intelligence

@: no status effects
A: large, unfitting armour, claws 3, regeneration 1, shaggy fur 1, tough skin 1
a: Renounce Religion


You were on level 7 of the Dungeon.
You worshipped Kikubaaqudgha.
Kikubaaqudgha was noncommittal.
You visited 2 branches of the dungeon, and saw 8 of its levels.

You collected 232 gold pieces.
You spent 15 gold pieces at shops.

Inventory:

Missiles
 h - 5 javelins (quivered)
 r - 4 boomerangs
 C - 4 large rocks
Armour
 a - a +0 robe (worn)
 b - a +0 kite shield (worn)
Jewellery
 l - a +6 ring of strength (left claw)
   (You found it on level 2 of the Dungeon)
 u - a +6 ring of intelligence (right claw)
   (You found it on level 4 of the Dungeon)
 v - the amulet of Viss (around neck) {Reflect rC+ SH+5}
   (You found it on level 4 of the Dungeon)

   [amulet of reflection]

   It reflects blocked missile attacks.
   rC:        It protects you from cold.
   SH:        It affects your SH (+5).
 w - a +6 ring of dexterity
   (You found it on level 5 of the Dungeon)
Wands
 g - a wand of paralysis (9)
   (You found it on level 5 of the Dungeon)
 p - a wand of flame (20)
   (You found it on level 3 of the Dungeon)
Scrolls
 d - a scroll of torment {unknown}
 e - 2 scrolls of fog {unknown}
 k - a scroll of blinking {unknown}
 m - 2 scrolls of teleportation {unknown}
 o - 12 scrolls of identify {unknown}
 q - 3 scrolls of amnesia {unknown}
 t - a scroll of silence {unknown}
 y - a scroll of immolation {unknown}
Potions
 c - 2 potions of might
 f - a potion of ambrosia {unknown}
 i - a potion of mutation {unknown}
 j - 2 potions of heal wounds {unknown}
 n - a potion of cancellation {unknown}
 s - 6 potions of curing {@q1}
 x - a potion of degeneration {unknown}
 z - a potion of invisibility {unknown}
 A - a potion of attraction {unknown}
 B - a potion of berserk rage {unknown}


   Skills:
 + Level 6.3 Fighting
 - Level 2.4 Dodging
 - Level 2.4 Shields
 * Level 10.1 Unarmed Combat


You had 8 spell levels left.
You didn't know any spells.
Your spell library contained the following spells:

 Spells                   Type           Power      Damage    Failure   Level
 Blink                    Tloc           0%         N/A       71%         2
 Conjure Flame            Conj/Fire      0%         6-21      91%         3
 Ignite Poison            Fire/Tmut/Pois 0%         N/A       91%         3
 Sticky Flame             Conj/Fire      0%         2d3       100%        4
 Manifold Assault         Tloc           0%         N/A       100%        5
 Malign Gateway           Summ/Tloc      0%         N/A       100%        7
 Storm Form               Tmut/Air       0%         N/A       100%        7
 Summon Horrible Things   Summ           0%         N/A       100%        8


Dungeon Overview and Level Annotations

Branches:
Dungeon (7/15)             Temple (1/1) D:6

Altars:
Cheibriados
Dithmenos
Fedhas
Gozag
Hepliaklqana
Kikubaaqudgha
Nemelex Xobeh
Okawaru
Sif Muna
Yredelemnul

Shops:
D:2 [   D:3 :   D:5 *


Innate Abilities, Weirdness & Mutations

You are too large for most types of armour.
You have claws for hands.
Your natural rate of healing is unusually fast.
You are covered in fur. (AC +1)
You have tough skin. (AC +1)


Message History

An iguana comes into view.
An iguana is nearby!
An iguana comes into view.
A wyvern skeleton comes into view.
The iguana bites you!
You closely miss the iguana. You block the iguana's attack.
You claw the iguana!
The iguana hisses angrily.
You block the iguana's attack.
You scratch the iguana but do no damage.
The iguana bites you!
You scratch the iguana but do no damage.
You block the iguana's attack.
You mangle the iguana!!
You kill the iguana!
Kikubaaqudgha accepts your kill. You block the wyvern skeleton's attack.
You mangle the wyvern skeleton!! You block the wyvern skeleton's attack.
You claw the wyvern skeleton! The wyvern skeleton bites you!
You scratch the wyvern skeleton.
You destroy the wyvern skeleton!
Kikubaaqudgha accepts your kill. You block the iguana's attack.
You have reached level 9!
Your experience leads to an increase in your attributes!
Your base attributes are Str 25, Int 6, Dex 9.
Increase (S)trength, (I)ntelligence, or (D)exterity?
You feel clever. x2; You feel stronger.
You scratch the iguana. You block the iguana's attack.
You claw the iguana!
You kill the iguana!
Kikubaaqudgha accepts your kill.
No target in view!
No target in view!
Could not explore, unopened door.
You open the door.
There is an open door here.
Found a stone staircase leading up.
There is an open door here.
Done exploring.
Done exploring.
There is a stone staircase leading down here.
You climb downwards.
Found a hunting sling, 4 large rocks and 10 gold pieces.
Found an escape hatch in the floor.
There is a stone staircase leading up here.
C - 4 large rocks You now have 200 gold pieces (gained 10).
You now have 213 gold pieces (gained 13).
o - 12 scrolls labelled RUIXAM FUGREHO (gained 1)
You now have 217 gold pieces (gained 4).
Found a ring mail.
You see here a +0 ring mail.
A steam dragon comes into view.
The steam dragon hisses angrily.
You hear a shout!
A water moccasin zombie comes into view.
The steam dragon breathes steam at you. The ball of steam hits you!!
No target in view!
No target in view!
No target in view!
Unknown command.
A centaur skeleton comes into view.
A gnoll comes into view. It is wielding a +0 halberd.
The gnoll shouts!
A gnoll comes into view. It is wielding a +0 flail.
The centaur skeleton hits you but does no damage.
The centaur skeleton kicks you but does no damage.
You mangle the centaur skeleton!!
The centaur skeleton barely misses you. x2
You claw the centaur skeleton!
You destroy the centaur skeleton!
Kikubaaqudgha accepts your kill. The steam dragon breathes steam at you.
The ball of steam misses you.
You hear a shout! x2
You see here a +0 ring mail.
The water moccasin zombie is engulfed in a cloud of scalding steam.
You claw the water moccasin zombie!
The water moccasin zombie bites you but does no damage.
A gnoll shaman comes into view. It is wielding a +0 whip.
You mangle the water moccasin zombie!!
You destroy the water moccasin zombie!
Kikubaaqudgha accepts your kill.
Your Unarmed Combat skill increases to level 10!
You block the gnoll's attack.
You see here a +0 ring mail.
You barely miss the gnoll. The gnoll hits you with a +0 flail.
You scratch the gnoll. The gnoll hits you with a +0 flail!
The gnoll shaman calls upon its god to heal the gnoll.
The gnoll's wounds heal themselves!
You scratch the gnoll but do no damage. The gnoll hits you with a +0 flail.
You claw the gnoll!
A scorpion comes into view.
You closely miss the gnoll shaman. You closely miss the gnoll shaman.
You block the gnoll shaman's attack.
You claw the gnoll shaman! You block the gnoll shaman's attack.
You barely miss the gnoll shaman.
The gnoll shaman mumbles some strange prayers to its god.
The gnoll shaman is healed somewhat.
You claw the gnoll shaman!
You kill the gnoll shaman!
Kikubaaqudgha accepts your kill. The gnoll hits you with a +0 flail.
A gnoll comes into view. It is wielding a +0 spear.
The gnoll barely misses you.
Things that are here:
a +0 whip; a +0 robe; a gnoll corpse You barely miss the gnoll.
The gnoll hits you but does no damage.
The gnoll hits you from afar with a +0 halberd!
You closely miss the gnoll. You block the gnoll's attack.
You claw the gnoll!
You kill the gnoll!
Kikubaaqudgha accepts your kill. The gnoll barely misses you.
You see here a +0 ring mail.
The scorpion stings you.
You are poisoned.
The scorpion poisons you!
You feel sick.
You claw the scorpion!
You feel sick. You block the scorpion's attack.
You closely miss the scorpion.
You feel sick. You block the gnoll's attack.
The scorpion stings you but does no damage.
You barely miss the scorpion.
You feel sick. The scorpion stings you. You block the gnoll's attack.
You block the scorpion's attack.
The gnoll hits you from afar with a +0 spear.
You claw the scorpion!
You kill the scorpion!
Kikubaaqudgha accepts your kill.
You feel sick. The gnoll closely misses you.
You feel sick.
You feel sick.
You are no longer poisoned.
The steam dragon breathes steam at you.
The ball of steam hits the gnoll!
The gnoll dies!
The ball of steam hits you!!
* * * LOW HITPOINT WARNING * * *
You are engulfed in a cloud of scalding steam.
* * * LOW HITPOINT WARNING * * *
You are engulfed in a cloud of scalding steam.
* * * LOW HITPOINT WARNING * * *
The steam dragon breathes steam at you. The ball of steam misses you.
You are engulfed in a cloud of scalding steam.
* * * LOW HITPOINT WARNING * * *
There is a stone staircase leading up here.
The steam dragon breathes steam at you. The ball of steam hits you!
You die...
Kikubaaqudgha rasps: "You have failed me!
Welcome... death!"

##############
##.>...##.....##
##..............##
#................#
#................#
#................#
#...§§...........#
#..@§§§§.........#
#)...§§.D........#
##...§.§........##
##......#g....##
###....##D####
#.#####.# #.# #.#
#.# #D## #. #..#


There were no monsters in sight!

Vanquished Creatures
  Maggie (D:6)
  Sigmund (D:5)
  A water moccasin (D:5)
  An ice beast (D:4)
  3 sky beasts
  A necrophage (D:4)
  2 phantoms
  A scorpion (D:7)
  2 water moccasin zombies
  A wyvern skeleton (D:6)
  3 wights (D:5)
  A howler monkey (D:5)
  A bullfrog zombie (D:3)
  3 orc priests
  2 hounds
  A gnoll shaman (D:7)
  2 jellies (D:6)
  2 centaur skeletons
  3 iguanas (D:6)
  5 gnolls
  10 adders
  An ufetubus (D:4)
  2 adder skeletons (D:4)
  2 worms
  2 dart slugs
  17 orcs
  6 ball pythons
  6 endoplasms
  4 giant cockroaches
  9 goblins
  9 hobgoblins
  7 kobolds
  6 quokkas
  10 bats
  5 frilled lizards
  5 rats
  A spectral kobold (D:2)
139 creatures vanquished.

Vanquished Creatures (others)
  A gnoll (D:7)
  4 toadstools (D:1)
5 creatures vanquished.

Grand Total: 144 creatures vanquished

Notes
Turn   | Place    | Note
-------+----------+-------------------------------------------
     0 | D:1      | CryoSword the Troll Fighter began the quest for the Orb.
     0 | D:1      | Reached XP level 1. HP: 22/22 MP: 0/0
    70 | D:1      | Reached XP level 2. HP: 26/29 MP: 1/1
   308 | D:1      | You fall into a shaft and drop 1 floor!
   321 | D:2      | Reached skill level 3 in Unarmed Combat
   367 | D:2      | Reached XP level 3. HP: 34/36 MP: 2/2
   807 | D:2      | Found Wanus's Antique Armour Shop.
   899 | D:2      | Found a faded altar of an unknown god.
  1262 | D:3      | Reached XP level 4. HP: 45/45 MP: 3/3
  1276 | D:3      | Found Wolis's Book Shop.
  1400 | D:3      | Reached skill level 4 in Unarmed Combat
  1656 | D:3      | Reached XP level 5. HP: 53/53 MP: 4/4
  1949 | D:3      | Reached skill level 5 in Unarmed Combat
  2515 | D:4      | Reached XP level 6. HP: 62/62 MP: 5/5
  2710 | D:4      | Identified the amulet of Viss {Reflect rC+ SH+5}
  2778 | D:4      | Reached skill level 6 in Unarmed Combat
  2902 | D:4      | Noticed an ice beast
  2905 | D:4      | Killed an ice beast
  2906 | D:4      | Reached XP level 7. HP: 71/71 MP: 6/6
  2994 | D:5      | Entered Level 5 of the Dungeon
  3294 | D:5      | Reached skill level 7 in Unarmed Combat
  3462 | D:5      | Found Kesacw's Assorted Antiques.
  3489 | D:5      | Noticed Sigmund
  3517 | D:5      | Killed Sigmund
  3530 | D:5      | Bought a golden potion for 15 gold pieces
  3599 | D:5      | Reached skill level 5 in Fighting
  3599 | D:5      | Reached XP level 8. HP: 52/80 MP: 7/7
  4066 | D:5      | Reached skill level 8 in Unarmed Combat
  4434 | D:6      | Noticed Maggie
  4450 | D:6      | Killed Maggie
  4451 | D:6      | Reached skill level 9 in Unarmed Combat
  4529 | D:6      | Found a staircase to the Ecumenical Temple.
  4540 | Temple   | Entered the Ecumenical Temple
  4591 | Temple   | Became a worshipper of Kikubaaqudgha
  4858 | D:6      | Reached XP level 9. HP: 68/89 MP: 8/8
  5048 | D:7      | Reached skill level 10 in Unarmed Combat
  5084 | D:7      | Killed from afar by a steam dragon

Illustrated notes

Levels and vault maps discovered:
D:1:      ldierk_walled_garden_2, layout_basic
D:2:      layout_rooms, serial_shops, shop,
          dreamdust_ecumenical_altar_drowned_temple, serial_glass,
          glass_columns_b, glass_columns_b
D:3:      kb_forest_paths, layout_loops_corners, serial_shops,
          nicolae_shop_advertising_works [nicolae_subvault_shop_adworks]
D:4:      layout_basic
D:5:      layout_layer_cave, serial_shops, nicolae_shop_hallway_stairs,
          st_stairs_5, uniq_sigmund
D:6:      layout_basic, minmay_temple_entry_statues_fountains,
          grunt_decor_resistance, uniq_maggie
D:7:      layout_rooms
Temple:   kb_temple_of_zot

Skill      XL: |  1  2  3  4  5  6  7  8  9 |
---------------+----------------------------+-----
Unarmed Combat | 3 4 5 6 7 9 10 | 10.1
Fighting       | 3 4 5 6 |  6.3
Dodging        | |  2.4
Shields        | |  2.4

Action                   |  1- 3 |  4- 6 |  7- 9 || total
-------------------------+-------+-------+-------++-------
Melee: Unarmed           |   114 |   169 |   142 ||   425
  Use: Potion            |       |       |     2 ||     2
 Stab: Sleeping          |     1 |       |       ||     1
Armor: Robe              |    33 |    42 |    29 ||   104
Dodge: Dodged            |    49 |    62 |    39 ||   150
Block: Kite shield       |    27 |    51 |    81 ||   159
       Reflection        |       |       |     1 ||     1
